Map: Babylon LE

Players

winzboy - Winner!

  • Race: Protoss Protoss
  • Spawn Location: 11:00

VOD

Have the link to the VOD?

Description

Time

  • Played on: May 17, 2023, 3:51 a.m.
  • Length: 16:03
Show
View Real Time Build Order
Export as new Build Order

winzboy Protoss - Winner!

Build Orders:  

Get SALT Encoding   

  12  0:09  Probe (Chrono Boost)  
  13  0:25  Pylon  
  13  0:33  Probe (Chrono Boost)  
  14  0:50  Probe (Chrono Boost)  
  15  1:01  Probe (Chrono Boost)  
  15  1:08  Gateway  
  16  1:16  Probe (Chrono Boost), Assimilator  
  17  1:33  Probe (Chrono Boost)  
  19  1:50  Probe (Chrono Boost)  
  19  2:07  Probe (Chrono Boost)  
  20  2:24  Probe (Chrono Boost)  
  21  2:32  Nexus  
  22  2:40  Cybernetics Core  
  22  2:41  Probe (Chrono Boost)  
  22  2:51  Assimilator  
  22  2:58  Probe (Chrono Boost)  
  23  3:18  Pylon  
  23  3:44  Probe (Chrono Boost)  
  24  3:57  Probe (Chrono Boost)  
  25  4:10  Probe (Chrono Boost)  
  25  4:17  Probe (Chrono Boost)  
  27  4:22  Probe (Chrono Boost)  
  28  4:34  Probe (Chrono Boost)  
  28  4:35  Warp Gate (Chrono Boost)  
  28  4:39  Probe (Chrono Boost)  
  30  4:45  Robotics Facility  
  31  4:51  Probe (Chrono Boost)  
  31  4:56  Probe (Chrono Boost)  
  31  4:58  Shield Battery  
  32  5:04  Stalker  
  32  5:06  Probe (Chrono Boost)  
  35  5:11  Probe  
  36  5:22  Probe  
  37  5:52  Observer  
  37  5:59  Probe  
  39  6:23  Pylon  
  39  6:27  Probe x2  
  41  6:36  Immortal  
  45  6:44  Probe  
  45  6:48  Probe  
  47  6:54  Forge  
  47  7:00  Twilight Council  
  47  7:01  Probe  
  48  7:16  Pylon  
  48  7:18  Pylon  
  48  7:21  Pylon  
  48  7:37  Probe x2  
  50  7:54  Probe x2  
  52  8:11  Probe x2, Protoss Ground Weapons Level 1  
  54  8:28  Probe x2  
  56  8:45  Probe x2, Gateway x2  
  56  8:47  Gateway  
  58  8:52  Gateway  
  58  8:58  Probe (Chrono Boost), Gateway  
  58  8:59  Probe (Chrono Boost)  
  58  9:03  Gateway  
  58  9:04  Gateway  
  60  9:11  Probe x2 (Chrono Boost)  
  62  9:24  Probe x2 (Chrono Boost)  
  62  9:25  Assimilator  
  62  9:28  Charge  
  62  9:29  Assimilator  
  64  9:35  Stalker  
  68  9:41  Probe x2 (Chrono Boost)  
  68  9:43  Warp Prism  
  70  10:04  Pylon  
  70  10:07  Pylon  
  70  10:10  Pylon  
  70  10:13  Pylon  
  70  10:33  Observer  
  71  10:56  Zealot  
  71  10:57  Zealot  
  71  10:58  Zealot x2  
  71  10:59  Zealot x2  
  83  11:00  Zealot  
  83  11:01  Zealot  
  83  11:08  Nexus  
  87  11:11  Pylon  
  87  11:21  Pylon  
  87  11:23  Pylon  
  87  11:42  Templar Archives  
  87  11:46  Robotics Bay  
  87  11:53  Robotics Facility  
  87  11:56  Robotics Facility  
  87  12:09  Pylon  
  87  12:11  Pylon  
  87  12:44  High Templar  
  87  12:45  High Templar x2  
  87  12:46  High Templar  
  95  12:53  Zealot x2  
  95  12:54  Zealot x2  
  95  12:59  Colossus  
  109  13:51  Observer  
  109  13:52  Observer  
  109  13:57  Zealot x2  
  109  13:58  Zealot x2  
  109  13:59  Zealot x2  
  123  14:01  Zealot  
  123  14:02  Zealot  
  127  14:13  Colossus  
  133  14:21  Observer  
  133  14:22  Observer  
  133  14:24  Archon x2  
  135  14:48  Unknown  
  135  14:51  Observer  
  135  14:52  Observer  
  137  15:12  Zealot x2  
  137  15:14  Zealot  
  137  15:15  Zealot x2  
  137  15:16  Zealot x2  
  137  15:17  Zealot  
Tags
 
Matchup
Co-op
Replay Pack
Multiplayer
Add a new tag
Caveats
  • Supply blocks, unpowered buildings, or Contaminate may cause inaccurate times.
  • Supply counts are checked every 10 seconds.